 Dungeon Crawl Stone Soup version 0.26.1-2-gb8aa6d0cf2 (webtiles) character file.

Game seed: 12934284378813985744

9151 vatarom the Fighter (level 11, -2/95 HPs)
             Began as a Demonspawn Abyssal Knight on Feb 16, 2021.
             Was an Elder of Lugonu.
             Slain by an unseen horror (6 damage)
             ... on level 10 of the Dungeon.
             The game lasted 00:15:37 (16218 turns).

vatarom the Fighter (Demonspawn Abyssal Knight)    Turns: 16218, Time: 00:15:38

Health: -2/95      AC:  9    Str: 13    XL:     11   Next: 19%
Magic:  14/14      EV: 10    Int: 13    God:    Lugonu [****..]
Gold:   699        SH:  0    Dex: 18    Spells: 10/10 levels left

rFire    + . .     SeeInvis .   y - +0 dire flail
rCold    . . .     Faith    .   (shield currently unavailable)
rNeg     . . .     Spirit   .   a - +2 ring mail {rF+}
rPois    .         Reflect  .   (helmet restricted)
rElec    .         Harm     .   D - +0 cloak
rCorr    .         Rampage  .   z - +0 pair of gloves
Will     .....                  b - +0 pair of boots
Stlth    ..........             u - amulet of the acrobat
HPRegen  0.25/turn              m - ring of attention
MPRegen  0.14/turn              p - -4 ring of protection

@: flying
A: claws 2, horns 1, agile 1, demonic guardian 1, powered by death 1, sharp
scales 2
a: Renounce Religion, Depart the Abyss, Bend Space, Banish, Corrupt


You were on level 10 of the Dungeon.
You worshipped Lugonu.
Lugonu was greatly pleased with you.
You visited 2 branches of the dungeon, and saw 11 of its levels.
You visited the Abyss 1 time.

You collected 699 gold pieces.

Inventory:

Hand Weapons
 y - a +0 dire flail (weapon)
Missiles
 e - 2 throwing nets {!f}
 r - 18 poisoned darts
 F - 12 silver boomerangs
Armour
 a - a +2 ring mail of fire resistance (worn)
 b - a +0 pair of boots (worn)
 o - a +1 helmet of intelligence
 z - a +0 pair of gloves (worn)
 D - a +0 cloak (worn)
Jewellery
 m - a ring of attention (left hand)
 p - a -4 ring of protection (right hand)
 u - an amulet of the acrobat (around neck)
Wands
 c - a wand of random effects (59)
 n - a wand of iceblast (6) {@v4}
 t - a wand of paralysis (12)
 A - a wand of polymorph (9)
 B - a wand of flame (41)
 E - a wand of acid (1) {@v2}
 G - a wand of digging (5) {@v1}
Scrolls
 d - 3 scrolls of enchant armour
 f - a scroll of amnesia
 g - 2 scrolls of remove curse {@r2}
 i - 8 scrolls of teleportation {@r3}
 j - 3 scrolls of fog
 k - a scroll of torment {unknown}
 l - a scroll of enchant weapon
 q - 3 scrolls of identify {@r1}
 s - a scroll of magic mapping
 w - 2 scrolls of random uselessness
 x - a scroll of fear
 C - 2 scrolls of noise
 H - a scroll of summoning
Potions
 h - a potion of brilliance {@q6}


   Skills:
 - Level 12.2 Fighting
 - Level 11.1 Maces & Flails
 * Level 3.6 Armour
 - Level 0.8 Dodging
 + Level 4.0 Invocations


You had 10 spell levels left.
You didn't know any spells.
Your spell library contained the following spells:

 Spells                   Type           Power        Failure   Level
 Summon Small Mammal      Summ           0%           54%         1
 Call Imp                 Summ           0%           67%         2
 Call Canine Familiar     Summ           0%           88%         3
 Summon Guardian Golem    Hex/Summ       0%           88%         3
 Summon Ice Beast         Ice/Summ       0%           99%         4
 Summon Lightning Spire   Summ/Air       0%           99%         4


Dungeon Overview and Level Annotations

Branches:
Dungeon (10/15)            Temple (1/1) D:5            Lair (0/6) D:8
    Orc: D:9-12

Altars:
Ashenzari
Cheibriados
Dithmenos
Elyvilon
Fedhas
Gozag
Hepliaklqana
Kikubaaqudgha
Makhleb
Nemelex Xobeh
Okawaru
Qazlal
Ru
Sif Muna
Trog
Uskayaw
Vehumet
Wu Jian
Xom
Yredelemnul
Zin
The Shining One


Innate Abilities, Weirdness & Mutations

You have very sharp fingernails.
A weak demonic guardian rushes to your aid.
You regenerate a little health from kills.
You are mostly covered in razor-sharp scales. (AC +2, Slay +2)
You have a pair of small horns on your head.
You are agile. (Dex +2)


Message History

Something hits you but does no damage. Something hits you.
* * * LOW HITPOINT WARNING * * *
Something hits you.
* * * LOW HITPOINT WARNING * * *
Something hits you.
* * * LOW HITPOINT WARNING * * *
Something hits you!
* * * LOW HITPOINT WARNING * * *
Something barely misses you.
Unknown command.
Something barely misses you. Something hits you.
* * * LOW HITPOINT WARNING * * *
Something misses you.
Unknown command.
You sock something! Something hits you!
* * * LOW HITPOINT WARNING * * *
Something hits you.
You die...

#### ### ###..# ##.# ###
###..#.## ### #..# #.#
#..####.# #.###..# #.#
#.## ### ##.....# #.# #..#
## ##....## #@# ##..## ##.
##..#...## ##.#
##....###.#
###..###...####..##
##.....#..## .....#
##.........####..###...##
....## ##(...####.....##
##.## ...## #....##
##...## #...# #..# #....##
#....####...## #..##
#..#...## ##.#..........##
....#
#.###...###>.###......##..


There were no monsters in sight!

Vanquished Creatures
  Harold (D:7)
  2 two-headed ogres
  Pikel (D:6)
  Joseph (D:7)
  Sigmund (D:5)
  7 yaks
  A water moccasin (D:8)
  2 orc warriors
  2 ice beasts
  A necrophage (D:7)
  2 phantoms
  5 black bears
  6 centaurs
  5 ogres
  5 bullfrogs
  4 scorpions
  4 wights (D:10)
  2 howler monkeys (D:10)
  A bullfrog zombie (D:10)
  2 jellies
  2 bullfrog skeletons
  2 centaur skeletons
  6 orc priests
  5 hounds
  9 orc wizards
  3 iguanas
  Natasha (thrice) (D:4)
  6 worker ants
  A killer bee zombie (D:5)
  A hound zombie (D:10)
  Robin (D:4)
  A worker ant zombie (D:6)
  3 gnolls (D:6)
  5 adders
  2 white imps
  2 ufetubi
  3 adder zombies
  3 worms
  2 dart slugs
  5 leopard geckos
  31 orcs
  2 bats
  12 giant cockroaches
  7 goblins
  10 hobgoblins
  4 jackals (D:4)
  2 quokkas
  6 frilled lizards
  A giant cockroach zombie (D:6)
  A jackal skeleton (D:4)
  14 kobolds
  2 quokka skeletons
  8 rats
220 creatures vanquished.

Vanquished Creatures (collateral kills)
  Erica (D:7)
  Grinder (D:3)
  3 yaks
  A water moccasin (D:7)
  3 ogres
  A bullfrog (D:6)
  A wyvern zombie (D:10)
  A scorpion (D:4)
  A hound (D:2)
  2 orc wizards (D:5)
  A howler monkey skeleton (D:5)
  3 gnolls (D:3)
  3 orcs (D:3)
  A hobgoblin (D:3)
  A frilled lizard (D:5)
24 creatures vanquished.

Vanquished Creatures (others)
  27 fungi (D:8)
  28 plants (D:8)
55 creatures vanquished.

Grand Total: 299 creatures vanquished

Notes
Turn   | Place    | Note
-------+----------+-------------------------------------------
     0 | Abyss:1  | vatarom the Demonspawn Abyssal Knight began the quest for
                  | the Orb.
     0 | Abyss:1  | Reached XP level 1. HP: 18/18 MP: 2/2
   108 | Abyss:1  | Noticed a hellwing
   109 | D:1      | Escaped the Abyss
   336 | D:1      | Reached * piety under Lugonu
   340 | D:1      | Gained mutation: A weak demonic guardian rushes to your
                  | aid. [demonic ancestry]
   340 | D:1      | Reached XP level 2. HP: 19/24 MP: 3/3
  1169 | D:2      | Reached XP level 3. HP: 28/29 MP: 4/4
  1218 | D:2      | Found a shimmering altar of Xom.
  1590 | D:2      | Reached skill level 4 in Fighting
  2440 | D:3      | Gained mutation: You are partially covered in razor-sharp
                  | scales. (AC +1, Slay +1) [demonic ancestry]
  2440 | D:3      | Reached XP level 4. HP: 37/37 MP: 5/5
  2448 | D:3      | Reached ** piety under Lugonu
  2817 | D:3      | Reached XP level 5. HP: 42/43 MP: 6/6
  2921 | D:3      | Noticed Grinder
  2937 | D:3      | Killed Grinder
  2938 | D:3      | Reached skill level 5 in Fighting
  2938 | D:3      | Reached XP level 6. HP: 5/51 MP: 7/7
  3533 | D:3      | Found a stormy altar of Qazlal.
  3741 | D:4      | Noticed Robin
  3766 | D:4      | Killed Robin
  3911 | D:4      | Noticed Natasha
  3921 | D:4      | Killed Natasha
  4170 | D:4      | Noticed Natasha
  4179 | D:4      | Killed Natasha
  4298 | D:4      | Reached skill level 6 in Fighting
  4298 | D:4      | Reached skill level 5 in Maces & Flails
  4301 | D:4      | Reached *** piety under Lugonu
  4302 | D:4      | Gained mutation: You regenerate a little health from kills.
                  | [demonic ancestry]
  4302 | D:4      | Reached XP level 7. HP: 54/58 MP: 8/8
  5101 | D:4      | Noticed Natasha
  5108 | D:4      | Killed Natasha
  5288 | D:5      | Entered Level 5 of the Dungeon
  5470 | D:5      | Found a staircase to the Ecumenical Temple.
  5490 | Temple   | Entered the Ecumenical Temple
  5866 | D:5      | Reached skill level 7 in Fighting
  6129 | D:5      | Noticed Sigmund
  6144 | D:5      | Killed Sigmund
  6145 | D:5      | Gained mutation: You have sharp fingernails. [demonic
                  | ancestry]
  6145 | D:5      | Reached XP level 8. HP: 64/67 MP: 9/9
  6696 | D:6      | Found an ornate altar of the Wu Jian Council.
  6697 | D:6      | Found a shadowy altar of Dithmenos.
  6697 | D:6      | Found a hide-covered altar of Uskayaw.
  6700 | D:6      | Found an ancient bone altar of Kikubaaqudgha.
  6702 | D:6      | Found a white marble altar of Elyvilon.
  7016 | D:6      | Noticed Pikel
  7039 | D:6      | Killed Pikel
  7040 | D:6      | Reached skill level 8 in Fighting
  7543 | D:6      | Gained mutation: You have very sharp fingernails. [demonic
                  | ancestry]
  7543 | D:6      | Reached XP level 9. HP: 51/75 MP: 10/10
  7831 | D:6      | Reached skill level 9 in Fighting
  7968 | D:6      | Found a shimmering blue altar of Sif Muna.
  8029 | D:7      | Reached **** piety under Lugonu
  8837 | D:7      | Noticed Harold
  8841 | D:7      | Paralysed by Harold for 2 turns
  8846 | D:7      | Paralysed by Harold for 3 turns
  8862 | D:7      | Gained mutation: You are agile. (Dex +2) [potion of
                  | mutation]
  8862 | D:7      | Gained mutation: You have a pair of small horns on your
                  | head. [potion of mutation]
  8865 | D:7      | Killed Harold
  9232 | D:7      | Found a sparkling altar of Nemelex Xobeh.
  9271 | D:7      | Noticed Joseph
  9290 | D:7      | Killed Joseph
  9291 | D:7      | Reached skill level 10 in Fighting
 10548 | D:8      | Found a staircase to the Lair.
 10550 | D:8      | Noticed Erica
 10553 | D:8      | Reached XP level 10. HP: 68/86 MP: 11/11
 10589 | D:7      | HP: 3/86 [something (7)]
 10597 | D:7      | HP: 2/86 [poisoned by Erica (bolt of poison)]
 11013 | D:7      | Killed Erica
 11249 | D:7      | Reached skill level 11 in Fighting
 11334 | D:8      | Noticed a two-headed ogre
 11345 | D:8      | Killed a two-headed ogre
 11346 | D:8      | Reached skill level 10 in Maces & Flails
 13193 | D:10     | Entered Level 10 of the Dungeon
 13525 | D:9      | Reached skill level 12 in Fighting
 14465 | D:10     | Gained mutation: You are mostly covered in razor-sharp
                  | scales. (AC +2, Slay +2) [demonic ancestry]
 14465 | D:10     | Reached XP level 11. HP: 47/95 MP: 12/12
 14693 | D:10     | Found a blossoming altar of Fedhas.
 14881 | D:10     | HP: 3/87 [acid (10)]
 15621 | D:10     | Noticed a two-headed ogre
 15630 | D:10     | Killed a two-headed ogre
 16218 | D:10     | HP: 4/95 [something (8)]
 16218 | D:10     | Slain by an unseen horror

Illustrated notes

Levels and vault maps discovered:
D:1:      shiori_arrival_maze, layout_basic, chequers_avenue
D:2:      layout_loops_corners, xom_butterflies
D:3:      layout_loops_corners, nicolae_qazlal_eye_of_the_storm, uniq_grinder
D:4:      layout_basic, uniq_robin, uniq_natasha
D:5:      layout_loops_ring, minmay_temple_entry_ruins, uniq_sigmund
D:6:      layout_loops_cross, tgw_sif, minitemple, dk_noncrumbling_4, uniq_pikel
D:7:      layout_gridville, general_overflow_altar, minmay_misc_feat_pillars,
          uniq_joseph, uniq_harold
D:8:      layout_rooms, due_lair_maze_entry_diamond, minmay_unpleasant_kobolds,
          uniq_erica
D:9:      layout_basic
D:10:     layout_layer_cave, fedhas_altar_2
Temple:   nicolae_temple_figure_eight

Skill      XL: |  1  2  3  4  5  6  7  8  9 10 11 |
---------------+----------------------------------+-----
Maces & Flails | 2 3 4 5 6 7 9 11 | 11.1
Fighting       | 4 5 6 7 8 10 12 | 12.2
Armour         | 3 |  3.6
Invocations    | 4 |  4.0
Dodging        | |  0.8

Action                   |  1- 3 |  4- 6 |  7- 9 | 10-12 || total
-------------------------+-------+-------+-------+-------++-------
Melee: Mace              |   113 |   131 |   211 |       ||   455
       Flail             |       |       |   115 |       ||   115
       Dire flail        |       |       |    70 |   314 ||   384
       Headbutt          |       |       |    18 |    75 ||    93
Invok: Depart the Abyss  |     1 |       |       |       ||     1
Evoke: Wand              |       |       |     1 |     7 ||     8
  Use: Potion            |       |     2 |     6 |     5 ||    13
       Scroll            |       |       |    12 |     3 ||    15
 Stab: Sleeping          |     1 |       |       |       ||     1
       Distracted        |       |       |     3 |     2 ||     5
       Paralysed         |       |       |       |     3 ||     3
Armor: Chain mail        |    95 |    77 |   127 |       ||   299
       Ring mail         |       |       |    85 |    79 ||   164
Dodge: Dodged            |    47 |    21 |   142 |   162 ||   372
